 Dungeon Crawl Stone Soup version 0.29.1-2-gbd0b4ee654 (webtiles) character file.

Game seed: 1796595864354944397

42 leafyfresh the Digger (level 3, -3/21 HPs)
             Began as an Octopode Earth Elementalist on Nov 12, 2022.
             Slain by a gnoll
             ... wielding a +0 club
              (7 damage)
             ... on level 2 of the Dungeon.
             The game lasted 00:03:23 (1617 turns).

leafyfresh the Digger (Octopode Earth Elementalist) Turns: 1617, Time: 00:03:24

Health: -3/21      AC:  1    Str:  7    XL:     3   Next: 54%
Magic:  6/6        EV: 13    Int: 19    God:
Gold:   27         SH:  0    Dex: 12    Spells: 3/6 levels left

rFire   . . .      SeeInvis .   e - +0 dagger
rCold   . . .      Faith    .   (no shield)
rNeg    . . .      Spirit   .   (helmet restricted)
rPois   .          Reflect  .   (no amulet)
rElec   .          Harm     .   (no ring)
rCorr   .          Rampage  .   (no ring)
Will    .....                   (no ring)
Stlth   +++.......              (no ring)
HPRegen 0.07/turn               (no ring)
MPRegen 0.10/turn               (no ring)
                                (no ring)
                                (no ring)

@: no status effects
A: almost no armour, amphibious, 8 rings, camouflage 1, gelatinous body 1,
(nimble swimmer 1), tentacles
a: no special abilities


You were on level 2 of the Dungeon.
You visited 1 branch of the dungeon, and saw 2 of its levels.

You collected 27 gold pieces.

Inventory:

Hand Weapons
 e - a +0 dagger (weapon)
 k - a +0 spear
 m - a +0 war axe
Scrolls
 c - a scroll of enchant armour {unknown}
 f - a scroll of butterflies {unknown}
 g - 5 scrolls of identify {unknown}
Potions
 a - a potion of magic
 b - a potion of flight {unknown}
 d - a potion of might {unknown}
 h - a potion of cancellation {unknown}
 i - a potion of lignification {unknown}
 j - a potion of mutation {unknown}
 l - a potion of resistance {unknown}


   Skills:
 + Level 2.1 Dodging
 + Level 3.0 Stealth
 - Level 2.0 Spellcasting
 - Level 1.0 Transmutations
 - Level 4.3 Earth Magic


You had 3 spell levels left.
You knew the following spells:

 Your Spells              Type           Power      Damage    Failure   Level
a - Sandblast             Erth           36%        2d10      3%          1
b - Passwall              Tmut/Erth      9%         N/A       9%          2

Your spell library contained the following spells:

 Spells                   Type           Power      Damage    Failure   Level
 Stone Arrow              Conj/Erth      20%        3d8       22%         3
 Petrify                  Tmut/Erth      11%        N/A       50%         4


Dungeon Overview and Level Annotations

Branches:
Dungeon (2/15)

Altars:
Ashenzari

Shops:
D:1 *


Innate Abilities, Weirdness & Mutations

You cannot wear most types of armour.
You are amphibious.
You can wear up to eight rings at the same time.
Your skin changes colour to match your surroundings (Stealth+).
Your rubbery body absorbs attacks. (AC +1, EV +1)
((You are camouflaged when in or above water. (Stealth+)))
You have tentacles for arms and can constrict up to eight enemies at once.


Message History

Casting: Sandblast (safe; 3% risk of failure)
Confirm with . or Enter, or press ? or * to list all spells.
Aiming: Sandblast (safe; 3% risk of failure)
Press: ? - help, Shift-Dir - straight line, f - frilled lizard
Aim: a frilled lizard (70% to hit)
The blast of sand hits the frilled lizard!!
You kill the frilled lizard!
You start resting.
Magic restored.
You see here a frilled lizard corpse.
Found a stone staircase leading down.
No target in view!
g - 5 scrolls labelled KEINAO KOXKAX (gained 1)
Found a broken altar of Ashenzari.
Found a club.
There are no items here.
l - a lumpy blue potion You see here a +0 war axe.
m - a +0 war axe A gnoll comes into view.
It is wielding a +0 club.
A gnoll comes into view. It is wielding a +0 spear.
The gnoll shouts! x3
There are monsters nearby!
The gnoll closely misses you.
The gnoll hits you from afar with a +0 spear!
Unknown command.
The gnoll attacks as you move away! The gnoll closely misses you.
The gnoll attacks as you move away! The gnoll barely misses you.
The gnoll attacks as you move away! The gnoll completely misses you.
The gnoll attacks as you move away! The gnoll closely misses you.
The gnoll attacks as you move away! The gnoll closely misses you.
The gnoll attacks as you move away! The gnoll hits you with a +0 club.
The gnoll attacks as you move away! The gnoll closely misses you.
The gnoll attacks as you move away! The gnoll hits you with a +0 club.
The gnoll attacks as you move away! The gnoll hits you with a +0 club.
* * * LOW HITPOINT WARNING * * *
There is a stone staircase leading down here.
You can't go up here!
The gnoll hits you with a +0 club!
You die...

#.##.......# #.#####.#
#. #.# # #.###### #
#†##...# #### #.
#.##.#.####..
..###.#####....#...##.#
#............#####.##.#
#....@gg.g...#...##.##
#.##.#######.#...g....
#. #..g####.## .. #####
#.# #.. #.# #.. ... ...
).. #.# .._.. .....


You could see 3 gnolls.

Vanquished Creatures
  2 bats (D:1)
  5 endoplasms
  A giant cockroach (D:1)
  4 hobgoblins
  2 jackals
  2 kobolds (D:1)
  5 quokkas (D:1)
  5 ball pythons (D:1)
  A frilled lizard (D:2)
  A goblin (D:1)
  8 rats
36 creatures vanquished.

Notes
Turn   | Place    | Note
-------+----------+-------------------------------------------
     0 | D:1      | leafyfresh the Octopode Earth Elementalist began the quest
                  | for the Orb.
     0 | D:1      | Reached XP level 1. HP: 11/11 MP: 3/3
   275 | D:1      | Reached XP level 2. HP: 17/17 MP: 0/5
   579 | D:1      | Learned a level 2 spell: Passwall
   652 | D:1      | Reached skill level 4 in Earth Magic
   671 | D:1      | Found Temnogiv's Assorted Antiques.
   725 | D:1      | Reached XP level 3. HP: 21/21 MP: 4/6
  1589 | D:2      | Found a broken altar of Ashenzari.
  1617 | D:2      | Slain by a gnoll

Illustrated notes

Levels and vault maps discovered:
D:1:      elethiomel_arrival_infinity_welcomes_careful_drivers, layout_rooms,
          serial_shops, shop, wad_floor_pattern_untrapped, minmay_pentomino_o4
D:2:      layout_loops_ring, basic_altar, uniq_sigmund

Skill      XL: |  1  2  3 |
---------------+----------+-----
Earth Magic    | 4 |  4.3
Stealth        | 3 |  3.0
Dodging        | |  2.1
Spellcasting   | |  2.0
Transmutations | |  1.0

Action                   || total
-------------------------++-------
Melee: Constrict         ||     2
       Unarmed           ||     1
       Tentacles         ||     1
       Dagger            ||     1
 Cast: Sandblast         ||    43
Armor: Skin              ||     4
Dodge: Dodged            ||    33
